| TOP OF THE 1ST |
|
Chicago (DL) White Sox batting - Pitching for Boston (DL) Red Sox : RHP Paul Erickson
|
|
Pitching: RHP Paul Erickson
|
|
|
Batting: LHB Jack Brohamer
|
0-0: Ball 1-0: Called Strike 1-1: Swinging Strike 1-2: Foul Ball, location: 2F 1-2: Foul Ball, location: 2F 1-2: Foul Ball, location: 2F 1-2: Foul Ball, location: 2F 1-2: SINGLE (Line Drive, 78S, EV 103.8 MPH)
|
|
Batting: LHB Johnny Bassler
|
0-0: Called Strike 0-1: Ball 1-1: Ball 2-1: Foul Ball, location: 2F 2-2: Foul Ball, location: 2F 2-2: Foul Ball, location: 2F 2-2: Fly out, F2 (Popup, 23F, EV 85.6 MPH)
|
|
Batting: RHB Doug Rader
|
0-0: Called Strike 0-1: Ball 1-1: Foul Ball, location: 2F 1-2: Ball 2-2: Strikes out swinging
|
|
Batting: LHB Bevo LeBourveau
|
0-0: Ball 1-0: Ground out 4-3 (Groundball, 4, EV 88.1 MPH)
|
| Top of the 1st over - 0 runs, 1 hit, 0 errors, 1 left on base; Chicago (DL) 0 - Boston (DL) 0 |
| BOTTOM OF THE 1ST |
|
Boston (DL) Red Sox batting - Pitching for Chicago (DL) White Sox : RHP Michael Fulmer
|
|
Pitching: RHP Michael Fulmer
|
|
|
Batting: RHB Steve Sax
|
0-0: Foul Ball, location: 2F 0-1: Ground out 1-3 (Groundball, 13S, EV 68.8 MPH)
|
|
Batting: RHB Lonnie Smith
|
0-0: Called Strike 0-1: Ball 1-1: Ground out 4-3 (Groundball, 4, EV 75.6 MPH)
|
|
Batting: LHB David Justice
|
0-0: Ball 1-0: Swinging Strike 1-1: Ball 2-1: Swinging Strike 2-2: SINGLE (Groundball, 6MD, EV 103.1 MPH)
|
|
Batting: LHB Eddie Mathews
|
0-0: Ball 1-0: Swinging Strike 1-1: Ball 2-1: Foul Ball, location: 2F 2-2: Ball 3-2: Single, Error in OF, E8, batter to second base (Groundball, 6MD, EV 106.9 MPH) David Justice to third
|
|
Batting: LHB Reggie Jefferson
|
0-0: Ground out 4-3 (Groundball, 4, EV 84.4 MPH)
|
| Bottom of the 1st over - 0 runs, 2 hits, 1 error, 2 left on base; Chicago (DL) 0 - Boston (DL) 0 |
| TOP OF THE 2ND |
|
Chicago (DL) White Sox batting - Pitching for Boston (DL) Red Sox : RHP Paul Erickson
|
|
Batting: RHB Denny Lyons
|
0-0: Called Strike 0-1: Ball 1-1: Ground out 6-3 (Groundball, 6, EV 109.4 MPH)
|
|
Batting: LHB Mel Almada
|
0-0: Ball 1-0: Foul Ball, location: 2F 1-1: TRIPLE (Flyball, 89XD, EV 101.3 MPH)
|
|
Batting: RHB Ken Harrelson
|
Balk! Mel Almada scores 0-0: Called Strike 0-1: Ball 1-1: Ball 2-1: Ball 3-1: Base on Balls
|
|
Batting: RHB Gary Disarcina
|
0-0: Foul Ball, location: 2F 0-1: Ball 1-1: Called Strike 1-2: Grounds into double play, 5-4-3 (Groundball, 56S, EV 77.5 MPH)
|
| Top of the 2nd over - 1 run, 1 hit, 0 errors, 0 left on base; Chicago (DL) 1 - Boston (DL) 0 |
| BOTTOM OF THE 2ND |
|
Boston (DL) Red Sox batting - Pitching for Chicago (DL) White Sox : RHP Michael Fulmer
|
|
Batting: RHB Kevin Elster
|
0-0: Ball 1-0: Ball 2-0: Called Strike 2-1: Ball 3-1: Fly out, F1 (Line Drive, P, EV 63.1 MPH)
|
|
Batting: RHB Matt Kemp
|
0-0: Ball 1-0: Ball 2-0: SINGLE (Groundball, 56S, EV 63.8 MPH) (infield hit)
|
|
Batting: RHB Yan Gomes
|
0-0: Ball 1-0: Ball 2-0: Called Strike Matt Kemp steals 2nd base (no throw) 2-1: Foul Ball, location: 2F 2-2: Ball 3-2: Foul Ball, location: 2F 3-2: SINGLE (Line Drive, 56D, EV 96.3 MPH) Matt Kemp to third Runner from 3rd tries for Home, SAFE, throw by LF to home
|
|
Batting: RHB Paul Erickson
|
0-0: Sac Bunt to 15S - play at second, runner safe!
|
|
Batting: RHB Steve Sax
|
0-0: Ball 1-0: Called Strike 1-1: Ball 2-1: Fielders Choice at 2nd, 6-4 (Groundball, 6, EV 101.3 MPH) Yan Gomes to third
|
|
Batting: RHB Lonnie Smith
|
0-0: Called Strike 0-1: Ball 1-1: Swinging Strike 1-2: Fly out, F8 (Line Drive, 8LD, EV 105.0 MPH)
|
| Bottom of the 2nd over - 1 run, 2 hits, 0 errors, 2 left on base; Chicago (DL) 1 - Boston (DL) 1 |
| TOP OF THE 3RD |
|
Chicago (DL) White Sox batting - Pitching for Boston (DL) Red Sox : RHP Paul Erickson
|
|
|